 Dungeon Crawl Stone Soup version 0.27-a0-457-gba82baf56e (webtiles) character file.

Game seed: 16538761881338461909

7 Chiseanne the Skirmisher (level 1, 5/28 HPs)
             Began as a Demonspawn Wanderer on Feb 28, 2021.
             Quit the game on level 1 of the Dungeon.
             The game lasted 00:00:40 (348 turns).

Chiseanne the Skirmisher (Demonspawn Wanderer)       Turns: 348, Time: 00:00:41

Health: 5/28       AC: 20    Str: 14    XL:     1   Next: 83%
Magic:  1/1        EV:  2    Int: 12    God:
Gold:   43         SH:  0    Dex: 11    Spells: 0/0 levels left

rFire    . . .     SeeInvis .   s - +0 short sword (venom)
rCold    . . .     Faith    .   (no shield)
rNeg     + + +     Spirit   .   (armour currently unavailable)
rPois    +         Reflect  .   (helmet currently unavailable)
rElec    .         Harm     .   (cloak currently unavailable)
rCorr    .         Rampage  .   (gloves currently unavailable)
Will     .....     NoTele   +   (boots currently unavailable)
Stlth    +.........             (no amulet)
HPRegen  0.09/turn              (no ring)
MPRegen  0.07/turn              (no ring)

@: lethally poisoned (5 -> -2), tree-form
A: no striking features
a: no special abilities


You were on level 1 of the Dungeon.
You were a tree.
You visited 1 branch of the dungeon, and saw 1 of its levels.

You collected 43 gold pieces.

Inventory:

Hand Weapons
 a - a +2 spear
 s - a +0 short sword of venom (weapon)
Missiles
 e - 25 stones (quivered)
Armour
 c - a +0 ring mail (melded)
 f - a +0 helmet (melded)


   Skills:
 * Level 4.1 Fighting
 * Level 3.7 Armour
 * Level 0.5 Dodging
 - Level 1.0 Stealth
 - Level 1.0 Evocations


You couldn't memorise any spells.
You didn't know any spells.
Your spell library was empty.

Dungeon Overview and Level Annotations

Branches:
Dungeon (1/15)

Altars:


Message History

No target in view!
No target in view!
No target in view!
You feel sick.
Things that are here:
a +0 short sword of venom; a stone; a kobold corpse
h - a +0 short sword of venom You feel sick.
Adjust (i)tems, (s)pells, or (a)bilities?
h - a +0 short sword of venom Adjust to which letter? (? for menu, Esc to quit)
s - a +0 short sword of venom Your +0 short sword of venom begins to drip with poison!
s - a +0 short sword of venom (weapon)
You feel sick.
You feel sick.
A leopard gecko comes into view.
You feel sick.
* * * LOW HITPOINT WARNING * * *
You feel sick.
* * * LOW HITPOINT WARNING * * *
You feel sick.
Really quaff the potion of lignification?
You turn into a tree.
Your +0 helmet melds into your body.
Your +0 ring mail melds into your body.
Your roots penetrate the ground.
* * * LOW HITPOINT WARNING * * *
You feel sick.
Unknown command.
Drop what? 7/52 slots (_ for help) (? for menu, Esc to quit)
Okay, then.
As you read the scroll labelled CUICO HUZUE, it crumbles to dust.
You hear a loud clanging noise!
It was a scroll of noise.
You hear an angry hiss.
You hear a shout!
As you read the scroll labelled YPRULI TEGRAC, it crumbles to dust.
It is a scroll of identify.
You don't have any unidentified items.
* * * LOW HITPOINT WARNING * * *
You feel sick.
Are you sure you want to abandon this character and quit the game? (Confirm with "yes".)

#l#
#.........#.#
#.#
#.#######.#.#
#.# #.#
#.#.#.# #(#
#.# #...#.#
#.# #.#
###.###.# #.#
#.# #........
#.# #.#
#.#.###.. #.#
#.# #.#.# ###
#♣# #.# # #.#
# #.# #.# #..
# #.# #.# ###
# #.####.# #
#......# #
######## # .


There were no monsters in sight!

Vanquished Creatures
  A dart slug (D:1)
  A hobgoblin (D:1)
  A kobold (D:1)
  A goblin (D:1)
  A rat (D:1)
5 creatures vanquished.

Notes
Turn   | Place    | Note
-------+----------+-------------------------------------------
     0 | D:1      | Chiseanne the Demonspawn Wanderer began the quest for the
                  | Orb.
     0 | D:1      | Chiseanne set off with the following items: a +2 spear, a
                  | potion of lignification, a +0 ring mail
     0 | D:1      | Reached XP level 1. HP: 19/19 MP: 1/1
   348 | D:1      | Quit the game

Illustrated notes

Levels and vault maps discovered:
D:1:      nicolae_arrival_washed_ashore, layout_basic

Action                   || total
-------------------------++-------
Melee: Spear             ||    12
  Use: Scroll            ||     2
       Potion            ||     1
Armor: Ring mail         ||     2
Dodge: Dodged            ||     1

Table legend: (Time is in decaauts)
 A = Elapsed time spent in this place.
 B = Non-inter-level travel time spent in this place.
 C = Inter-level travel time spent in this place.
 D = Time resting spent in this place.
 E = Time spent auto-exploring this place.
 F = Levels seen in this place.
 G = Mean time per level.
                   A        B        C        D        E       F      G
               +--------+--------+--------+--------+--------+-----+--------+
         Total |    348 |    348 |      0 |      0 |    298 |   1 |  348.0 |
       Dungeon |    348 |    348 |      0 |      0 |    298 |   1 |  348.0 |
               +--------+--------+--------+--------+--------+-----+--------+

Top non-repeatable levels by time:
     D:1: 348 daAuts
